 Dungeon Crawl Stone Soup version 0.30.0-5-g1a98f26d00 (webtiles) character file.

Game seed: 11875896708669931438

25 Pimp the Gusty (level 3, 0/19 HPs)
             Began as a Tengu Air Elementalist on May 10, 2023.
             Slain by Natasha (6 damage)
             ... on level 2 of the Dungeon.
             The game lasted 00:03:33 (831 turns).

Pimp the Gusty (Tengu Air Elementalist)              Turns: 831, Time: 00:03:34

Health: 0/19       AC:  2    Str:  8    XL:     3   Next: 6%
Magic:  6/7        EV: 12    Int: 15    God:
Gold:   81         SH:  0    Dex: 16    Spells: 5/6 levels left

rFire   . . .        e - +0 short sword (venom)
rCold   . . .        (no shield)
rNeg    + . .        a - +0 robe
rPois   .            (helmet restricted)
rElec   .            (no cloak)
rCorr   .            (no gloves)
SInv    .            (boots unavailable)
Will    .....        (no amulet)
Stlth   ++           g - ring of positive energy
HPRegen 0.23/turn    (no ring)
MPRegen 0.10/turn

%: no passive effects
@: slowed, very slow
A: beak, talons 3
a: no special abilities


You were on level 2 of the Dungeon.
You visited 1 branch of the dungeon, and saw 2 of its levels.

You collected 81 gold pieces.

Inventory:

Hand Weapons
 e - a +0 short sword of venom (weapon)
Armour
 a - a +0 robe (worn)
Jewellery
 g - a ring of positive energy (left hand)
Scrolls
 f - a scroll of brand weapon
 h - a scroll of fear
Potions
 b - a potion of magic
 c - 2 potions of heal wounds {unknown}
 d - 3 potions of might


   Skills:
 + Level 2.5 Dodging
 + Level 2.3 Stealth
 + Level 2.2 Spellcasting
 + Level 2.1 Conjurations
 + Level 4.3 Air Magic


You had 5 spell levels left.
You knew the following spells:

 Your Spells              Type           Power      Damage    Failure   Level
a - Shock                 Conj/Air       44%        1d5       6%          1

Your spell library contained the following spells:

 Spells                   Type           Power      Damage    Failure   Level
 Static Discharge         Conj/Air       22%        2-3/arc   9%          2
 Swiftness                Air            14%        N/A       11%         3
 Summon Small Mammal      Summ           4%         N/A       22%         1
 Airstrike                Air            7%         2d(1-17)  34%         4
 Call Canine Familiar     Summ           1%         N/A       54%         3
 Portal Projectile        Hex/Tloc       2%         N/A       54%         3
 Summon Guardian Golem    Hex/Summ       1%         N/A       54%         3
 Tukima's Dance           Hex            1%         N/A       54%         3
 Blade Hands              Tmut           0%         N/A       99%         5


Dungeon Overview and Level Annotations

Branches:
Dungeon (2/15)

Altars:

Shops:
D:1 ?[(

Annotations:
D:2 Natasha


Innate Abilities, Weirdness & Mutations

You have a beak for a mouth.
You have claws for feet.


Message History

You kill the goblin!
You have reached level 3!
Your experience leads to an increase in your attributes!
Increase (S)trength, (I)ntelligence, or (D)exterity?
You feel agile. x2
You now have 81 gold pieces (gained 7).
A goblin comes into view. It is wielding a +0 club.
The helpless goblin fails to defend itself.
You hit the goblin.
You kill the goblin!
There is an entrance to Sihoag's Armour Boutique here.
You open the door.
There is an open translucent door here.
There is an entrance to Vemir's Magic Scroll Shoppe here.
There is an open translucent door here.
You open the door.
There is an open door here.
Done exploring.
Done exploring.
There is an open door here.
You see here 4 stones.
There is a stone staircase leading down here.
You climb downwards.
Found 2 boomerangs.
There is a stone staircase leading up here.
Natasha, Servant of Life and Death comes into view.
Natasha casts a spell at you.
You feel yourself slow down. Natasha closely misses you. Natasha claws you!
You hit Natasha.
Natasha is poisoned.
Natasha is moderately wounded.
Natasha claws you.
Casting: Shock (safe; 6% risk of failure)
Confirm with . or Enter, or press ? or * to list all spells.
Aiming: Shock (safe; 6% risk of failure)
Press: ? - help, Shift-Dir - straight line The zap hits Natasha.
Natasha is severely wounded.
The zap misses Natasha.
Natasha claws you.
You die...

#<# #.# ##.######
#.#####.......#
#.............#
#######.(.....#
.................
#######.......###
#.@.......#
#h#.......#
#.###....... #.
####### #. .. #.
#.


You could see Natasha (very poisoned).

Vanquished Creatures
  4 ball pythons (D:1)
  6 bats (D:1)
  2 giant cockroaches (D:1)
  5 goblins (D:1)
  2 hobgoblins (D:1)
  4 frilled lizards (D:1)
  A kobold (D:1)
  A rat (D:1)
25 creatures vanquished.

Notes
Turn   | Place    | Note
-------+----------+-------------------------------------------
     0 | D:1      | Pimp the Tengu Air Elementalist began the quest for the
                  | Orb.
     0 | D:1      | Reached XP level 1. HP: 10/10 MP: 4/4
   140 | D:1      | Reached XP level 2. HP: 15/15 MP: 4/6
   228 | D:1      | Found Suocojac's Antique Weapon Emporium.
   592 | D:1      | Found Vemir's Magic Scroll Shoppe.
   596 | D:1      | Found Sihoag's Armour Boutique.
   643 | D:1      | Reached XP level 3. HP: 13/19 MP: 7/7
   824 | D:2      | Noticed Natasha
   831 | D:2      | Slain by Natasha

Illustrated notes

Levels and vault maps discovered:
D:1:      psy_arrival_whirlpool, layout_basic, serial_shops,
          nicolae_shop_tiny_glass, shop, shop, minmay_tall_x
D:2:      layout_loops_ring, basic_altar, st_stairs_13, uniq_natasha

Skill      XL: |  1  2 |
---------------+-------+-----
Conjurations   | 2 |  2.1
Dodging        | |  2.5
Stealth        | |  2.3
Spellcasting   | |  2.2
Air Magic      | |  4.3

Action                     || total
---------------------------++-------
  Melee: Kick              ||     9
         Unarmed           ||     2
         Short sword       ||    31
         Peck              ||     8
         Punch             ||     1
   Cast: Shock             ||    16
    Use: Scroll            ||     3
   Stab: Sleeping          ||     4
 Armour: Robe              ||    11
  Dodge: Dodged            ||    25
